 Dungeon Crawl Stone Soup version 0.30-a0-918-g0ff054e9dc (webtiles) character file.

Game seed: 4478658242522214073

601 sanka the Cleaver (level 7, -1/62 HPs)
             Began as a Hill Orc Monk on Mar 20, 2023.
             Was a Believer of Beogh.
             Slain by a thrashing horror (8 damage)
             ... on level 1 of the Abyss.
             The game lasted 00:06:53 (4711 turns).

sanka the Cleaver (Hill Orc Monk)                   Turns: 4711, Time: 00:06:54

Health: -1/62      AC:  8    Str: 16    XL:     7   Next: 41%
Magic:  10/10      EV: 11    Int: 10    God:    Beogh [**....]
Gold:   178        SH:  0    Dex: 19    Spells: 6/6 levels left

rFire   + . .      SeeInvis .    a - +0 war axe
rCold   + . .      Faith    .    (no shield)
rNeg    . . .      Spirit   .    o - +0 ring mail
rPois   +          Reflect  .    s - +2 hat
rElec   .          Rampage  .    h - scarf {rC+ rF+}
rCorr   .                        (no gloves)
Will    .....                    l - +0 pair of boots
Stlth   +                        (no amulet)
HPRegen 0.30/turn                b - +6 ring of dexterity
MPRegen 0.12/turn                m - ring of poison resistance

@: no status effects
A: no striking features
a: Renounce Religion, Smiting


You were on level 1 of the Abyss.
You worshipped Beogh.
Beogh was pleased with you.
You visited 1 branch of the dungeon, and saw 5 of its levels.
You visited the Abyss 1 time.

You collected 178 gold pieces.


   Skills:
 - Level 5.9 Fighting
 - Level 8.5 Axes
 - Level 2.4 Dodging
 - Level 1.5 Stealth
 + Level 4.1 Invocations


You had 6 spell levels left.
You didn't know any spells.
Your spell library contained the following spells:

 Spells                   Type           Power      Damage    Failure   Level
 Freeze                   Ice            0%         1d3       58%         1
 Ensorcelled Hibernation  Hex/Ice        0%         N/A       73%         2
 Static Discharge         Conj/Air       0%         2-2/arc   73%         2
 Frozen Ramparts          Ice            0%         1d1       91%         3
 Hailstorm                Conj/Ice       0%         3d3       91%         3
 Spider Form              Tmut/Pois      0%         N/A       91%         3
 Vhi's Electric Charge    Tloc/Air       0%         N/A       91%         3
 Airstrike                Air            0%         2d(0-16)  100%        4
 Anguish                  Hex/Necr       0%         N/A       100%        4
 Summon Lightning Spire   Summ/Air       0%         N/A       100%        4
 Arcjolt                  Conj/Air       0%         1d10      100%        5
 Plasma Beam              Fire/Air       0%         2x1d11    100%        5

Inventory:

Hand Weapons
 a - a +0 war axe (weapon)
 t - a +2 vampiric hand axe
Armour
 h - a scarf of resistance (worn)
 l - a +0 pair of boots (worn)
 o - a +0 ring mail (worn)
 s - a +2 hat (worn)
Jewellery
 b - a +6 ring of dexterity (left hand)
 m - a ring of poison resistance (right hand)
 p - a ring of protection from cold
Wands
 w - a wand of iceblast (5)
Scrolls
 d - 4 scrolls of fog
 j - a scroll of teleportation {unknown}
 n - a scroll of blinking
 q - a scroll of amnesia {unknown}
 u - a scroll of acquirement
 v - a scroll of butterflies
 x - a scroll of enchant armour
 y - a scroll of noise {!r}
 z - a scroll of torment {!r}
Potions
 c - 2 potions of ambrosia
 e - 4 potions of haste {unknown}
 f - 4 potions of curing {unknown}
 g - a potion of might {unknown}
 k - a potion of heal wounds {unknown}
 r - a potion of mutation {unknown}

Dungeon Overview and Level Annotations

Branches:
Dungeon (5/15)
 Temple: D:4-7

Altars:
Dithmenos
Ru
Sif Muna

Annotations:
D:5 2 transporters, emiel's ghost, novice OgEE

. ▒. .▒
..▒▒.▒▒.▒▒
▒..▒...▒.▒ .▒
▒..▒.▒..▒ ▒..
.▒.....▒▒.▒
▒▒..▒..▒...
▒......▒.▒
▒.▒4▒..▒
▒....▒o...▒
▒....▒.▒▒X.▒▒
.▒▒▒ ▒.▒....▒
▒▒...▒.▒
▒..▒.▒.▒.▒
▒.▒....▒▒▒ ▒.
..x..▒ ▒
....#▒▒ ..#.x


You could see a thrashing horror, an ice devil and a small abomination.


Message History

As you read the scroll of identify {@r1}, it crumbles to dust.
u - a scroll of acquirement The ice devil closely misses you.
As you read the scroll of identify {@r1}, it crumbles to dust.
v - a scroll of butterflies The ice devil closely misses you.
As you read the scroll of identify {@r1}, it crumbles to dust.
x - a scroll of enchant armour The ice devil hits you!
* * * LOW HITPOINT WARNING * * *
The ice devil freezes you! You resist.
* * * LOW HITPOINT WARNING * * *
Okay, then.
Blink to where?
As you read the scroll of blinking, it crumbles to dust.
A thrashing horror comes into view.
The thrashing horror roars!
A small abomination comes into view.
The thrashing horror tramples you.
* * * LOW HITPOINT WARNING * * *
You stumble backwards!
You hit the thrashing horror.
The thrashing horror is lightly damaged.
The thrashing horror closely misses you.
The thrashing horror tramples you.
* * * LOW HITPOINT WARNING * * *
You stumble backwards!
The thrashing horror tramples you!
You die...

Action                     |  1- 3 |  4- 6 |  7- 9 || total
---------------------------+-------+-------+-------++-------
  Melee: Hand axe          |   131 |       |       ||   131
         Punch             |     1 |     1 |       ||     2
         War axe           |    12 |   133 |    21 ||   166
 Invoke: Convert to Beogh  |       |     1 |       ||     1
    Use: Scroll            |       |       |     8 ||     8
   Stab: Sleeping          |     5 |     2 |     1 ||     8
         Distracted        |       |     1 |       ||     1
 Armour: Robe              |    26 |     4 |       ||    30
         Ring mail         |       |    34 |     7 ||    41
  Dodge: Dodged            |    92 |    74 |    14 ||   180

Levels and vault maps discovered:
D:1:      dpeg_arrival_brainrot, layout_loops_ring
D:2:      minmay_chambers_of_twos, layout_basic,
          nicolae_kite_square_tiling_tiny, feat_on_display
D:3:      layout_rooms, nicolae_overflow_squiral,
          shapermc_ecumenical_altar_starsandcircs
D:4:      layout_basic
D:5:      layout_loops_corners, minmay_temple_entry_poolview,
          gammafunk_ghost_hive, nrook_campfire, minmay_ruined_shrine
Abyss:1:  base:
D:1

Notes
Turn   | Place    | Note
-------+----------+-------------------------------------------
     0 | D:1      | sanka the Hill Orc Monk began the quest for the Orb.
     0 | D:1      | Reached XP level 1. HP: 19/19 MP: 1/1
   243 | D:1      | Reached XP level 2. HP: 27/27 MP: 2/2
   267 | D:1      | Identified a scarf of resistance
   613 | D:1      | Reached skill level 4 in Fighting
   939 | D:2      | Reached skill level 5 in Axes
  1080 | D:2      | Reached XP level 3. HP: 19/33 MP: 3/3
  1934 | D:3      | Reached XP level 4. HP: 29/41 MP: 4/4
  2154 | D:3      | Found a faded altar of an unknown god.
  2162 | D:3      | Reached skill level 6 in Axes
  2537 | D:3      | Found a shadowy altar of Dithmenos.
  2540 | D:3      | Found a shimmering blue altar of Sif Muna.
  2714 | D:4      | Reached XP level 5. HP: 45/47 MP: 5/5
  3133 | D:4      | Reached skill level 5 in Fighting
  3133 | D:4      | Reached skill level 7 in Axes
  3457 | D:5      | Entered Level 5 of the Dungeon
  3526 | D:5      | Noticed a phantom
  3547 | D:5      | Killed a phantom
  3548 | D:5      | Reached XP level 6. HP: 23/56 MP: 6/6
  3670 | D:5      | Reached skill level 8 in Axes
  4071 | D:5      | Became a worshipper of Beogh the Brigand
  4071 | D:5      | Reached * piety under Beogh
  4071 | D:5      | Reached ** piety under Beogh
  4080 | D:5      | Reached skill level 1 in Invocations
  4080 | D:5      | Reached XP level 7. HP: 61/62 MP: 6/8
  4083 | D:5      | Reached skill level 2 in Invocations
  4088 | D:5      | Reached skill level 3 in Invocations
  4157 | D:5      | Reached skill level 4 in Invocations
  4276 | D:5      | Found a sacrificial altar of Ru.
  4428 | D:5      | Noticed emiel's ghost (novice OgEE)
  4430 | D:5      | Found a transporter.
  4436 | D:5      | Found a transporter.
  4634 | Abyss:1  | Cast into level 1 of the Abyss (gnoll)
  4642 | Abyss:1  | Noticed a starcursed mass
  4676 | Abyss:1  | Noticed an ice devil
  4687 | Abyss:1  | Identified a scroll of acquirement
  4708 | Abyss:1  | Noticed a thrashing horror
  4709 | Abyss:1  | Noticed a small abomination
  4711 | Abyss:1  | Slain by a thrashing horror

Vanquished Creatures
  A phantom (D:5)
  4 scorpions
  A hound (D:5)
  An orc priest (D:5)
  A sleepcap (D:5)
  An iguana (D:5)
  An orc wizard (D:5)
  5 adders
  3 gnolls (D:3)
  An ufetubus (D:5)
  A worm (D:1)
  2 dart slugs
  14 orcs
  5 endoplasms
  5 goblins
  7 hobgoblins
  6 jackals
  4 kobolds
  4 quokkas
  5 ball pythons
  6 bats
  2 frilled lizards
  4 rats
84 creatures vanquished.

Vanquished Creatures (others)
  An orc priest (D:5)
  An iguana (D:5)
  2 jackals (D:5)
4 creatures vanquished.

Grand Total: 88 creatures vanquished
